 Dungeon Crawl Stone Soup version 0.28-a0-247-gb8bfbab023 (webtiles) character file.

Game seed: 5407575147493909596

84 bande the Covered (level 4, 0/29 HPs)
             Began as a Gargoyle Fighter on Aug 25, 2021.
             Killed by divine providence
             ... invoked by an orc priest
              (11 damage)
             ... on level 3 of the Dungeon.
             The game lasted 00:03:56 (2108 turns).

bande the Covered (Gargoyle Fighter)                Turns: 2108, Time: 00:03:57

Health: 0/29       AC: 11    Str: 19    XL:     4   Next: 45%
Magic:  4/4        EV:  7    Int:  9    God:
Gold:   55         SH:  8    Dex: 10    Spells: 3/3 levels left

rFire   . . .      SeeInvis .   a - +0 war axe
rCold   . . .      Faith    .   c - +0 kite shield
rNeg    + . .      Spirit   .   b - +0 scale mail
rPois   ∞          Reflect  .   (no helmet)
rElec   +          Harm     .   (no cloak)
rCorr   .          Rampage  .   h - +0 pair of gloves
Will    +....                   (no boots)
Stlth   ..........              (no amulet)
HPRegen 0.09/turn               g - ring of willpower
MPRegen 0.09/turn               (no ring)

@: no status effects
A: sickness immunity, AC +3, negative energy resistance 1, electricity
resistance, torment resistance 1, petrification resistance
a: no special abilities


You were on level 3 of the Dungeon.
You visited 1 branch of the dungeon, and saw 3 of its levels.

You collected 55 gold pieces.

Inventory:

Hand Weapons
 a - a +0 war axe (weapon)
Armour
 b - a +0 scale mail (worn)
 c - a +0 kite shield (worn)
 h - a +0 pair of gloves (worn)
Jewellery
 g - a ring of willpower (left hand)
Scrolls
 e - a scroll of magic mapping
 j - a scroll of identify
Potions
 d - a potion of might
 i - 2 potions of heal wounds


   Skills:
 + Level 3.7 Fighting
 + Level 2.6 Axes
 + Level 4.0 Armour
 + Level 0.5 Dodging
 + Level 3.8 Shields


You had 3 spell levels left.
You didn't know any spells.
Your spell library was empty.

Dungeon Overview and Level Annotations

Branches:
Dungeon (3/15)

Altars:
Nemelex Xobeh

Annotations:
D:3 Terence


Innate Abilities, Weirdness & Mutations

You are immune to sickness and miasma.
Your stone body is resilient. (AC +3)
You are immune to poison.
You resist negative energy. (rN+)
You are resistant to electric shocks. (rElec)
You are resistant to unholy torment.
You are immune to petrification.


Message History

You open the door.
There is an open door here.
Found a dagger.
Found 31 stones.
Terence the Incautious comes into view.
He is wielding a +4 hand axe of freezing.
Terence shouts!
You hear a shout!
A hobgoblin comes into view.
An orc comes into view. It is wielding a +0 flail.
The orc shouts!
An orc and an orc priest come into view.
The orc shouts!
The orc priest shouts!
An orc comes into view. It is wielding a +0 whip.
An orc comes into view. It is wielding a +0 war axe.
You block Terence's attack.
You barely miss Terence.
The orc shouts! x2
Terence closely misses you.
You closely miss Terence. You closely miss the hobgoblin.
The hobgoblin hits you but does no damage.
You block Terence's attack. The orc hits you with a +0 flail.
You block Terence's attack. The hobgoblin closely misses you.
Your shield and scale mail prevent you from hitting Terence.
You closely miss the orc. You hit the hobgoblin. The orc barely misses you.
The hobgoblin hits you but does no damage.
Terence barely misses you.
The orc priest mumbles some strange prayers to Beogh against you.
Pain shoots through your body!
You slash the hobgoblin!
You kill the hobgoblin!
You closely miss the orc. You hit Terence. You block the orc's attack.
Terence hits you but does no damage. You block the orc's attack.
The orc hits you with a +0 flail. Terence barely misses you.
You completely miss Terence.
Terence is lightly wounded.
You hit the orc. You barely miss the orc priest. You slash the orc!
You kill the orc!
You hit the orc. You block the orc's attack. The orc hits you with a +0 flail.
The orc priest mumbles some strange prayers to Beogh against you.
Beogh smites you!
You die...

.......................##.....
......................#
.#...................#
#...................#
...................#
.........##.......#
.(...............#
......)..........#
.....oo@........##
...#..@oo.......#
..................
..................
..................
.........#.......
.........#......
.........#.....


You could see Terence, an orc priest and 3 orcs.

Vanquished Creatures
  3 adders (D:2)
  A dart slug (D:1)
  An orc (D:3)
  5 endoplasms
  3 giant cockroaches (D:1)
  5 goblins
  6 hobgoblins
  9 quokkas
  7 ball pythons
  2 bats
  3 frilled lizards
  5 rats
50 creatures vanquished.

Notes
Turn   | Place    | Note
-------+----------+-------------------------------------------
     0 | D:1      | bande the Gargoyle Fighter began the quest for the Orb.
     0 | D:1      | Reached XP level 1. HP: 14/14 MP: 1/1
   264 | D:1      | Reached XP level 2. HP: 19/19 MP: 2/2
   810 | D:1      | Reached XP level 3. HP: 14/23 MP: 3/3
  1296 | D:2      | Found a sparkling altar of Nemelex Xobeh.
  1391 | D:2      | Reached XP level 4. HP: 28/28 MP: 4/4
  1398 | D:2      | Found a faded altar of an unknown god.
  1499 | D:2      | Reached skill level 4 in Armour
  2100 | D:3      | Noticed Terence
  2108 | D:3      | Killed from afar by an orc priest

Illustrated notes

Levels and vault maps discovered:
D:1:      tarquinn_simple_flora_water_f, layout_loops_corners
D:2:      layout_rooms, basic_altar, hellmonk_ecumenical_altar_leap_of_faith
D:3:      layout_basic, uniq_terence, uniq_robin

Skill      XL: |  1  2  3  4 |
---------------+-------------+-----
Axes           | 2 |  2.6
Armour         | 4 |  4.0
Fighting       | |  3.7
Dodging        | |  0.5
Shields        | |  3.8

Action                   |  1- 3 |  4- 6 || total
-------------------------+-------+-------++-------
Melee: War axe           |   126 |    47 ||   173
  Use: Potion            |     1 |       ||     1
       Scroll            |     1 |     4 ||     5
Armor: Scale mail        |    80 |    30 ||   110
Dodge: Dodged            |    46 |    17 ||    63
Block: Kite shield       |    67 |    34 ||   101

Table legend: (Time is in decaauts)
 A = Elapsed time spent in this place.
 B = Non-inter-level travel time spent in this place.
 C = Inter-level travel time spent in this place.
 D = Time resting spent in this place.
 E = Time spent auto-exploring this place.
 F = Levels seen in this place.
 G = Mean time per level.
                   A        B        C        D        E       F      G
               +--------+--------+--------+--------+--------+-----+--------+
         Total |   2213 |   2197 |     16 |      0 |   1688 |   3 |  737.7 |
       Dungeon |   2213 |   2197 |     16 |      0 |   1688 |   3 |  737.7 |
               +--------+--------+--------+--------+--------+-----+--------+

Top non-repeatable levels by time:
     D:1: 1360 daAuts
     D:2: 765 daAuts
     D:3: 88 daAuts
